Flyers vs Maple Leafs

Created - 27 janvier 2022 at 17:03

Goals
1 2 3 T
Flyers 3 1 0 4
Maple Leafs 0 1 2 3
Shots
1 2 3 T
Flyers 13 11 3 27
Maple Leafs 13 8 16 37

GoalsPenalties
1st period
1. Flyers , David Pastrnak 18 (Phillip Danault 17) at 11:47
2. Flyers , Brad Marchand 28 (Connor McDavid 35, Hampus Lindholm 14) at 18:44
3. Flyers , Connor McDavid 23 (Tom Wilson 16, Brett Pesce 28) at 19:14 (PP)
Dougie Hamilton (TOR) for Tripping (Minor) at 6:23
Slater Koekkoek (TOR) for Roughing (Minor) at 16:39
Rudolfs Balcers (TOR) for Holding (Minor) at 18:47
Bryan Rust (PHI) for Hooking (Minor) at 19:35
2nd period
4. Flyers , Phillip Danault 14 (Brad Marchand 33, Tom Wilson 17) at 5:57
5. Maple Leafs , Taylor Hall 10 (Patrik Laine 10, Nikita Zadorov 19) at 15:59
Nikita Zadorov (TOR) for Slashing (Double Minor) at 1:56
Slater Koekkoek (TOR) for Slashing (Minor) at 7:16
Jamie Benn (TOR) for Holding (Minor) at 8:23
Oscar Klefbom (PHI) for Roughing (Minor) at 12:33
Alexander Radulov (TOR) for Hooking (Minor) at 16:24
3rd period
6. Maple Leafs , Dougie Hamilton 10 (Brendan Gallagher 17, Jamie Benn 18) at 2:15 (PP)
7. Maple Leafs , Patrik Laine 12 (Taylor Hall 28, Marcus Pettersson 15) at 8:34
Ivan Provorov (PHI) for Interference (Minor) at 0:38
Logan O'Connor (PHI) for Boarding (Minor) at 2:28
Barclay Goodrow (PHI) for Slashing (Minor) at 11:06
Tom Wilson (PHI) for Elbowing (Minor) at 18:02
Goalie Stats
Sergei Bobrovsky (PHI), 34 saves from 37 shots - (0,919), W, 23-8-7, 60:00 minutes
Juuse Saros (TOR), 10 saves from 10 shots - (1,000), 33:07 minutes
Aaron Dell (TOR), 13 saves from 17 shots - (0,765), L, 2-4-2, 25:57 minutes
3 StarsOfficial
1 - Phillip Danault (PHI)
2 - Taylor Hall (TOR)
3 - Patrik Laine (TOR)
Referees : TJ Luxmore and Kyle Rehman
Linesman : Tony Sericolo and Shandor Alphonso
Game Note
Juuse Saros enters game at 5:57 of 2nd period



Team Name Goals Shots Shots Attemp Shots Blocked PIM HIT PP PK FO%
Flyers 42758812271 / 8 (13%)140%
Maple Leafs 33757616131 / 6 (17%)160%

Flyers
Player Name POS G A P +/- PIM HIT SHT SB MP PP MP PP SHT PK MP PK SHT FO% FOT
Alex KillornLW/RW0000031013:470:0005:2300% 0
Anders LeeLW000-102007:500:0000:0000% 1
Barclay GoodrowC/LW/RW000-1220012:510:0005:02039% 18
Brad MarchandLW1120024017:216:3901:390100% 2
Brett PesceD011-1032223:556:4226:3600% 0
Bryan RustLW/RW000-1211014:396:5000:0000% 0
Connor McDavidC1120004015:426:3930:00033% 27
David PastrnakRW1012004016:346:5030:000100% 1
Devon ToewsD000-1010023:526:4705:3800% 0
Hampus LindholmD0113000113:370:0001:2000% 0
Ivan ProvorovD000-1242123:506:4724:5700% 0
Kevin FialaLW/RW000200009:440:0000:0000% 0
Logan O'ConnorRW000020108:230:0000:0000% 1
Oscar KlefbomD000-1212222:276:4214:2900% 0
Phillip DanaultC1122022015:370:0005:53044% 18
Radim SimekD0003010212:170:0000:0000% 0
Tom WilsonRW0220231020:306:3904:4900% 2
Tyler SeguinC/LW/RW0000023015:286:5020:14045% 22
Maple Leafs
Player Name POS G A P +/- PIM HIT SHT SB MP PP MP PP SHT PK MP PK SHT FO% FOT
Alexander RadulovLW/RW000-3212116:096:0200:1200% 1
Antoine RousselLW000001205:420:0000:0000% 1
Brendan GallagherRW0110003013:455:2810:0000% 0
Dougie HamiltonD1010221023:425:4215:2000% 0
Eric StaalC000-3002010:300:1400:20071% 14
Greg PaterynD000-2011016:140:0006:2300% 0
Jaccob SlavinD0000002425:495:4217:2610% 0
Jake EvansC/RW0000011021:115:3607:18066% 32
Jakub VranaLW/RW000-3016015:465:5030:0000% 1
Jamie BennC0112214022:195:4015:33053% 32
Marcus PetterssonD011-2022115:455:4800:0600% 0
Michael GrabnerLW/RW0000001011:390:0005:5700% 0
Nikita ZadorovD0111430017:560:0005:2800% 0
Patrik LaineLW/RW1122001023:395:4806:450100% 1
Pius SuterC000000105:420:0000:00063% 8
Rudolfs BalcersLW000020308:160:0000:0000% 0
Slater KoekkoekD0001400014:420:0002:1500% 0
Taylor HallLW1122005016:465:4010:00050% 2

Flyers

5 vs 5 Forward
Line #Left WingCenterRight WingPHYDFOFWanted %Time %Time Play
1Brad MarchandConnor McDavidTom Wilson0232626%9:03
2Kevin FialaPhillip DanaultDavid Pastrnak0232628%9:44
3Alex KillornTyler SeguinLogan O'Connor0322624%8:24
4Anders LeeBarclay GoodrowBryan Rust0232222%7:50
5 vs 5 Defense
Line #DefenseDefensePHYDFOFWanted %Time %Time Play
1Ivan ProvorovOscar Klefbom0324032%11:17
2Devon ToewsBrett Pesce1314030%10:37
3Radim SimekHampus Lindholm1402035%12:17
4Ivan ProvorovDevon Toews02302%0:50
Power Play Forward
Line #Left WingCenterRight WingPHYDFOFWanted %Time %Time Play
1Brad MarchandConnor McDavidTom Wilson0055049%6:39
2Bryan RustTyler SeguinDavid Pastrnak0055051%6:50
Power Play Defense
Line #DefenseDefensePHYDFOFWanted %Time %Time Play
1Ivan ProvorovDevon Toews1135050%6:47
2Oscar KlefbomBrett Pesce1135050%6:42
Penalty Kill 4 Players Forward
Line #CenterWingPHYDFOFWanted %Time %Time Play
1Phillip DanaultTom Wilson0415055%6:21
2Barclay GoodrowAlex Killorn0415045%5:09
Penalty Kill 4 Players Defense
Line #DefenseDefensePHYDFOFWanted %Time %Time Play
1Brett PesceIvan Provorov0505545%5:11
2Oscar KlefbomDevon Toews0504555%6:19
Penalty Kill 3 Players
Line #WingPHYDFOFWanted %Time %Time PlayDefenseDefensePHYDFOFWanted %Time %Time Play
1Phillip Danault050500%0:00 Brett PesceIvan Provorov050500%0:00
2Barclay Goodrow050500%0:00 Oscar KlefbomDevon Toews050500%0:00
4 vs 4 Forward
Line #CenterWingPHYDFOFWanted %Time %Time Play
1Connor McDavidBrad Marchand023500%0:00
2Tyler SeguinDavid Pastrnak023500%0:00
4 vs 4 Defense
Line #DefensePHYDFOFWanted %Time %Time Play
1Ivan ProvorovDevon Toews023500%0:00
2Oscar KlefbomBrett Pesce023500%0:00
Last Minutes Offensive
Left WingCenterRight WingDefenseDefense
Brad MarchandConnor McDavidDavid PastrnakIvan ProvorovDevon Toews
Last Minutes Defensive
Left WingCenterRight WingDefenseDefense
Alex KillornPhillip DanaultTom WilsonIvan ProvorovBrett Pesce
Time
Total ForwardTotal DefenseLast Minutes OffensiveLast Minutes Defensive
60:00 60:00 0:000:00
Extra Forwards
Normal PowerPlayPenalty Kill
Kevin Fiala, Alex Killorn, Anders LeeAnders Lee, Alex KillornBrad Marchand
Extra Defensemen
Normal PowerPlayPenalty Kill
Ivan Provorov, Oscar Klefbom, Devon ToewsBrett Pesce, Oscar KlefbomIvan Provorov
Penalty Shots
Connor McDavid, Tyler Seguin, David Pastrnak, Brad Marchand, Bryan Rust
Goalie
Sergei Bobrovsky, Anthony Stolarz
Custom OT Lines Forwards
Connor McDavid, Brad Marchand, Tyler Seguin, Bryan Rust, David Pastrnak, Phillip Danault, Kevin Fiala, Tom Wilson, Barclay Goodrow, Alex Killorn
Custom OT Lines Defensemen
Ivan Provorov, Devon Toews, Oscar Klefbom, Brett Pesce, Hampus Lindholm
Scratches
Kurtis MacDermid (Healthy), Linus Ullmark (Healthy)

Maple Leafs

5 vs 5 Forward
Line #Left WingCenterRight WingPHYDFOFWanted %Time %Time Play
1Taylor HallJamie BennPatrik Laine0053532%11:06
2Jakub VranaEric StaalAlexander Radulov0143028%9:56
3Rudolfs BalcersJake EvansBrendan Gallagher0232524%8:17
4Antoine RousselPius SuterMichael Grabner0231016%5:42
5 vs 5 Defense
Line #DefenseDefensePHYDFOFWanted %Time %Time Play
1Jaccob SlavinDougie Hamilton0413533%11:31
2Slater KoekkoekNikita Zadorov0413036%12:29
3Marcus PetterssonGreg Pateryn0502528%9:51
4Jaccob SlavinDougie Hamilton032103%1:10
Power Play Forward
Line #Left WingCenterRight WingPHYDFOFWanted %Time %Time Play
1Taylor HallJamie BennBrendan Gallagher0055049%5:40
2Jakub VranaJake EvansAlexander Radulov0145051%5:50
Power Play Defense
Line #DefenseDefensePHYDFOFWanted %Time %Time Play
1Jaccob SlavinDougie Hamilton0415050%5:42
2Marcus PetterssonPatrik Laine0415050%5:48
Penalty Kill 4 Players Forward
Line #CenterWingPHYDFOFWanted %Time %Time Play
1Jake EvansPatrik Laine0325053%6:40
2Jamie BennMichael Grabner0415047%5:57
Penalty Kill 4 Players Defense
Line #DefenseDefensePHYDFOFWanted %Time %Time Play
1Jaccob SlavinNikita Zadorov0505062%7:47
2Greg PaterynDougie Hamilton0505038%4:50
Penalty Kill 3 Players
Line #WingPHYDFOFWanted %Time %Time PlayDefenseDefensePHYDFOFWanted %Time %Time Play
1Jamie Benn0325027%0:14 Jaccob SlavinNikita Zadorov1405038%0:20
2Jake Evans0415073%0:38 Dougie HamiltonGreg Pateryn1405062%0:32
4 vs 4 Forward
Line #CenterWingPHYDFOFWanted %Time %Time Play
1Jamie BennPatrik Laine014500%0:00
2Taylor HallJakub Vrana014500%0:00
4 vs 4 Defense
Line #DefensePHYDFOFWanted %Time %Time Play
1Jaccob SlavinDougie Hamilton041500%0:00
2Marcus PetterssonNikita Zadorov041500%0:00
Last Minutes Offensive
Left WingCenterRight WingDefenseDefense
Taylor HallJamie BennPatrik LaineJaccob SlavinDougie Hamilton
Last Minutes Defensive
Left WingCenterRight WingDefenseDefense
Michael GrabnerEric StaalJake EvansJaccob SlavinDougie Hamilton
Time
Total ForwardTotal DefenseLast Minutes OffensiveLast Minutes Defensive
60:00 60:00 0:000:00
Extra Forwards
Normal PowerPlayPenalty Kill
Taylor Hall, Patrik Laine, Jamie BennJake Evans, Patrik LainePatrik Laine
Extra Defensemen
Normal PowerPlayPenalty Kill
Nikita Zadorov, Jaccob Slavin, Dougie HamiltonMarcus Pettersson, Greg PaterynJaccob Slavin
Penalty Shots
Taylor Hall, Patrik Laine, Jakub Vrana, Alexander Radulov, Brendan Gallagher
Goalie
Aaron Dell, Juuse Saros
Custom OT Lines Forwards
Patrik Laine, Jamie Benn, Taylor Hall, Brendan Gallagher, Jakub Vrana, Alexander Radulov, Eric Staal, Jake Evans, Michael Grabner, Rudolfs Balcers
Custom OT Lines Defensemen
Dougie Hamilton, Jaccob Slavin, Nikita Zadorov, Greg Pateryn, Marcus Pettersson
Scratches
Brendan Smith (Healthy), William Carrier (Healthy), Jake Gardiner (Healthy)


Play-by-Play

1st period


0:01 of 1st period - Jamie Benn wins face-off versus Connor McDavid in neutral zone.
0:06 of 1st period - Icing by Ivan Provorov.
0:07 of 1st period - Eric Staal wins face-off versus Connor McDavid in Flyers zone.
0:10 of 1st period - Shot by Eric Staal.
0:10 of 1st period - Stopped by Sergei Bobrovsky without a rebound.
0:11 of 1st period - Jake Evans wins face-off versus Phillip Danault in Flyers zone.
0:28 of 1st period - Shot by Brendan Gallagher.
0:28 of 1st period - Shot Misses the Net.
0:30 of 1st period - Shot by Greg Pateryn.
0:30 of 1st period - Stopped by Sergei Bobrovsky with a rebound.
0:38 of 1st period - Shot by Brendan Gallagher.
0:38 of 1st period - Deflect By Rudolfs Balcers.
0:38 of 1st period - Stopped by Sergei Bobrovsky with a rebound.
0:40 of 1st period - Shot by Marcus Pettersson.
0:40 of 1st period - Stopped by Sergei Bobrovsky with a rebound.
0:42 of 1st period - Shot by Greg Pateryn.
0:42 of 1st period - Shot Misses the Net.
1:09 of 1st period - Icing by David Pastrnak.
1:10 of 1st period - Phillip Danault wins face-off versus Taylor Hall in Flyers zone.
1:12 of 1st period - Icing by Devon Toews.
1:13 of 1st period - Phillip Danault wins face-off versus Jamie Benn in Flyers zone.
1:46 of 1st period - Shot by Taylor Hall.
1:46 of 1st period - Shot Misses the Net.
1:52 of 1st period - Shot by Jamie Benn.
1:52 of 1st period - Shot Misses the Net.
2:13 of 1st period - Nikita Zadorov is hit by Phillip Danault and loses puck.
2:26 of 1st period - Shot by Alexander Radulov.
2:26 of 1st period - Stopped by Sergei Bobrovsky without a rebound.
2:27 of 1st period - Tyler Seguin wins face-off versus Pius Suter in Flyers zone.
2:33 of 1st period - Ivan Provorov is hit by Antoine Roussel and loses puck.
2:44 of 1st period - Shot by Oscar Klefbom.
2:44 of 1st period - Stopped by Aaron Dell without a rebound.
2:45 of 1st period - Eric Staal wins face-off versus Barclay Goodrow in Maple Leafs zone.
2:45 of 1st period - Eric Staal is hit by Anders Lee.
2:48 of 1st period - Icing by Jakub Vrana.
2:49 of 1st period - Eric Staal wins face-off versus Barclay Goodrow in Maple Leafs zone.
3:58 of 1st period - Icing by Hampus Lindholm.
3:59 of 1st period - Jamie Benn wins face-off versus Connor McDavid in Flyers zone.
4:02 of 1st period - Shot by Taylor Hall.
4:02 of 1st period - Stopped by Sergei Bobrovsky without a rebound.
4:03 of 1st period - Tyler Seguin wins face-off versus Jamie Benn in Flyers zone.
4:11 of 1st period - Shot by Logan O'Connor.
4:11 of 1st period - Stopped by Aaron Dell with a rebound.
4:18 of 1st period - Icing by Jaccob Slavin.
4:19 of 1st period - Connor McDavid wins face-off versus Jamie Benn in Maple Leafs zone.
4:20 of 1st period - Shot by Brad Marchand.
4:20 of 1st period - Stopped by Aaron Dell without a rebound.
4:21 of 1st period - Jake Evans wins face-off versus Connor McDavid in Maple Leafs zone.
4:42 of 1st period - Shot by Tom Wilson.
4:42 of 1st period - Stopped by Aaron Dell without a rebound.
4:43 of 1st period - Tyler Seguin wins face-off versus Jamie Benn in Maple Leafs zone.
4:43 of 1st period - Radim Simek is hit by Marcus Pettersson and loses puck.
5:22 of 1st period - Greg Pateryn is hit by Alex Killorn and loses puck.
6:23 of 1st period - Minor Penalty to Dougie Hamilton for Tripping.
6:24 of 1st period - Tyler Seguin wins face-off versus Jake Evans in Maple Leafs zone.
6:25 of 1st period - Shot by David Pastrnak.
6:25 of 1st period - Stopped by Aaron Dell without a rebound.
6:26 of 1st period - Jake Evans wins face-off versus Tyler Seguin in Maple Leafs zone.
7:19 of 1st period - Jake Evans is hit by Brad Marchand and loses puck.
7:36 of 1st period - Shot by Brett Pesce.
7:36 of 1st period - Shot Misses the Net.
7:38 of 1st period - Shot by Oscar Klefbom.
7:38 of 1st period - Shot Misses the Net.
7:40 of 1st period - Shot by Brett Pesce.
7:40 of 1st period - Stopped by Aaron Dell without a rebound.
7:41 of 1st period - Jake Evans wins face-off versus Tyler Seguin in Maple Leafs zone.
8:00 of 1st period - Shot by David Pastrnak.
8:00 of 1st period - Shot Misses the Net.
8:04 of 1st period - Shot by Brett Pesce.
8:04 of 1st period - Stopped by Aaron Dell without a rebound.
8:05 of 1st period - Connor McDavid wins face-off versus Jamie Benn in Maple Leafs zone.
8:08 of 1st period - Shot by Brad Marchand.
8:08 of 1st period - Shot Misses the Net.
9:37 of 1st period - Shot by Rudolfs Balcers.
9:37 of 1st period - Stopped by Sergei Bobrovsky without a rebound.
9:38 of 1st period - Jamie Benn wins face-off versus Tyler Seguin in Flyers zone.
9:46 of 1st period - Icing by Alex Killorn.
9:47 of 1st period - Tyler Seguin wins face-off versus Jamie Benn in Flyers zone.
10:06 of 1st period - Shot by Devon Toews.
10:06 of 1st period - Shot Blocked by Jaccob Slavin.
10:08 of 1st period - Shot by Tyler Seguin.
10:08 of 1st period - Shot Misses the Net.
10:10 of 1st period - Shot by Tyler Seguin.
10:10 of 1st period - Shot Misses the Net.
10:12 of 1st period - Shot by Tyler Seguin.
10:12 of 1st period - Shot Blocked by Jaccob Slavin.
11:06 of 1st period - Connor McDavid is hit by Nikita Zadorov and loses puck.
11:41 of 1st period - Shot by Brendan Gallagher.
11:41 of 1st period - Deflect By Rudolfs Balcers.
11:41 of 1st period - Stopped by Sergei Bobrovsky without a rebound.
11:42 of 1st period - Phillip Danault wins face-off versus Eric Staal in Flyers zone.
11:47 of 1st period - Shot by David Pastrnak.
11:47 of 1st period - Goal by David Pastrnak - Flyers : 1 - Maple Leafs : 0.
11:48 of 1st period - Phillip Danault wins face-off versus Eric Staal in neutral zone.
12:59 of 1st period - Shot by Jake Evans.
12:59 of 1st period - Stopped by Sergei Bobrovsky without a rebound.
13:00 of 1st period - Tyler Seguin wins face-off versus Jamie Benn in Flyers zone.
13:07 of 1st period - Shot by Tyler Seguin.
13:07 of 1st period - Shot Misses the Net.
14:04 of 1st period - Shot by Brendan Gallagher.
14:04 of 1st period - Shot Misses the Net.
14:24 of 1st period - Shot by Brendan Gallagher.
14:24 of 1st period - Shot Blocked by Oscar Klefbom.
14:26 of 1st period - Shot by Brendan Gallagher.
14:26 of 1st period - Stopped by Sergei Bobrovsky without a rebound.
14:27 of 1st period - Brad Marchand wins face-off versus Eric Staal in Flyers zone.
14:34 of 1st period - Shot by Marcus Pettersson.
14:34 of 1st period - Stopped by Sergei Bobrovsky without a rebound.
14:35 of 1st period - Connor McDavid wins face-off versus Eric Staal in Flyers zone.
15:09 of 1st period - Shot by Jakub Vrana.
15:09 of 1st period - Shot Blocked by Brett Pesce.
15:18 of 1st period - Icing by Brett Pesce.
15:19 of 1st period - Connor McDavid wins face-off versus Jamie Benn in Flyers zone.
15:24 of 1st period - Shot by Jamie Benn.
15:24 of 1st period - Shot Misses the Net.
15:55 of 1st period - Shot by Jamie Benn.
15:55 of 1st period - Stopped by Sergei Bobrovsky with a rebound.
16:12 of 1st period - Shot by Barclay Goodrow.
16:12 of 1st period - Shot Misses the Net.
16:14 of 1st period - Shot by Barclay Goodrow.
16:14 of 1st period - Shot Blocked by Jaccob Slavin.
16:16 of 1st period - Shot by Anders Lee.
16:16 of 1st period - Shot Blocked by Jaccob Slavin.
16:18 of 1st period - Shot by Radim Simek.
16:18 of 1st period - Shot Misses the Net.
16:39 of 1st period - Minor Penalty to Slater Koekkoek for Roughing.
16:40 of 1st period - Eric Staal wins face-off versus Connor McDavid in Maple Leafs zone.
17:00 of 1st period - Icing by Brad Marchand.
17:01 of 1st period - Connor McDavid wins face-off versus Jamie Benn in Flyers zone.
18:02 of 1st period - Shot by David Pastrnak.
18:02 of 1st period - Stopped by Aaron Dell without a rebound.
18:03 of 1st period - Jamie Benn wins face-off versus Tyler Seguin in Maple Leafs zone.
18:20 of 1st period - Shot by David Pastrnak.
18:20 of 1st period - Shot Misses the Net.
18:26 of 1st period - Shot by Tyler Seguin.
18:26 of 1st period - Stopped by Aaron Dell with a rebound.
18:28 of 1st period - Shot by Tyler Seguin.
18:28 of 1st period - Shot Misses the Net.
18:30 of 1st period - Shot by Tyler Seguin.
18:30 of 1st period - Stopped by Aaron Dell with a rebound.
18:42 of 1st period - Shot by Connor McDavid.
18:42 of 1st period - Shot Blocked by Marcus Pettersson.
18:44 of 1st period - Shot by Brad Marchand.
18:44 of 1st period - Goal by Brad Marchand - Flyers : 2 - Maple Leafs : 0.
18:45 of 1st period - Connor McDavid wins face-off versus Jake Evans in neutral zone.
18:47 of 1st period - Minor Penalty to Rudolfs Balcers for Holding.
18:48 of 1st period - Jake Evans wins face-off versus Tom Wilson in Maple Leafs zone.
18:48 of 1st period - Jake Evans is hit by Tom Wilson.
19:14 of 1st period - Shot by Connor McDavid.
19:14 of 1st period - Goal by Connor McDavid - Flyers : 3 - Maple Leafs : 0.
19:15 of 1st period - Eric Staal wins face-off versus Phillip Danault in neutral zone.
19:22 of 1st period - Shot by Alexander Radulov.
19:22 of 1st period - Shot Misses the Net.
19:26 of 1st period - Shot by Jakub Vrana.
19:26 of 1st period - Stopped by Sergei Bobrovsky without a rebound.
19:27 of 1st period - Barclay Goodrow wins face-off versus Antoine Roussel in Flyers zone.
19:35 of 1st period - Minor Penalty to Bryan Rust for Hooking.
19:36 of 1st period - Jamie Benn wins face-off versus Phillip Danault in Flyers zone.
Goals for this period are 3 for Flyers vs 0 for Maple Leafs.
Shots for this period are 13 for Flyers vs 13 for Maple Leafs.

2nd period


0:01 of 2nd period - Barclay Goodrow wins face-off versus Jake Evans in neutral zone.
0:09 of 2nd period - Icing by Jakub Vrana.
0:10 of 2nd period - Jake Evans wins face-off versus Barclay Goodrow in Maple Leafs zone.
0:10 of 2nd period - Jake Evans is hit by Alex Killorn.
1:38 of 2nd period - Pius Suter is hit by Alex Killorn and loses puck.
1:56 of 2nd period - Double Minor Penalty to Nikita Zadorov for Slashing.
1:57 of 2nd period - Jake Evans wins face-off versus Connor McDavid in Maple Leafs zone.
2:06 of 2nd period - Shot by Oscar Klefbom.
2:06 of 2nd period - Stopped by Aaron Dell without a rebound.
2:07 of 2nd period - Tyler Seguin wins face-off versus Jake Evans in Maple Leafs zone.
2:15 of 2nd period - Icing by Devon Toews.
2:16 of 2nd period - Jamie Benn wins face-off versus Tyler Seguin in Flyers zone.
2:47 of 2nd period - Jaccob Slavin is hit by Tyler Seguin and loses puck.
3:24 of 2nd period - Shot by Connor McDavid.
3:24 of 2nd period - Stopped by Aaron Dell without a rebound.
3:25 of 2nd period - Connor McDavid wins face-off versus Jake Evans in Maple Leafs zone.
4:36 of 2nd period - Shot by David Pastrnak.
4:36 of 2nd period - Stopped by Aaron Dell without a rebound.
4:37 of 2nd period - Connor McDavid wins face-off versus Jake Evans in Maple Leafs zone.
4:38 of 2nd period - Shot by Brad Marchand.
4:38 of 2nd period - Shot Misses the Net.
4:53 of 2nd period - Off-side.
4:54 of 2nd period - Jake Evans wins face-off versus Tyler Seguin in neutral zone.
5:15 of 2nd period - Shot by Devon Toews.
5:15 of 2nd period - Shot Misses the Net.
5:27 of 2nd period - Shot by Devon Toews.
5:27 of 2nd period - Shot Misses the Net.
5:57 of 2nd period - Shot by Phillip Danault.
5:57 of 2nd period - Goal by Phillip Danault - Flyers : 4 - Maple Leafs : 0.
5:57 of 2nd period - Juuse Saros enters game.
5:58 of 2nd period - Eric Staal wins face-off versus Phillip Danault in neutral zone.
6:07 of 2nd period - Shot by Jakub Vrana.
6:07 of 2nd period - Stopped by Sergei Bobrovsky with a rebound.
6:31 of 2nd period - Shot by Jakub Vrana.
6:31 of 2nd period - Stopped by Sergei Bobrovsky without a rebound.
6:32 of 2nd period - Barclay Goodrow wins face-off versus Pius Suter in Flyers zone.
6:39 of 2nd period - Shot by Pius Suter.
6:39 of 2nd period - Stopped by Sergei Bobrovsky without a rebound.
6:40 of 2nd period - Jamie Benn wins face-off versus Connor McDavid in Flyers zone.
6:40 of 2nd period - Jamie Benn is hit by Brett Pesce.
6:57 of 2nd period - Patrik Laine is hit by Brett Pesce and loses puck.
7:16 of 2nd period - Minor Penalty to Slater Koekkoek for Slashing.
7:17 of 2nd period - Jamie Benn wins face-off versus Tyler Seguin in Maple Leafs zone.
7:25 of 2nd period - Icing by David Pastrnak.
7:26 of 2nd period - Tyler Seguin wins face-off versus Jake Evans in Flyers zone.
7:42 of 2nd period - Icing by Tyler Seguin.
7:43 of 2nd period - Tyler Seguin wins face-off versus Jamie Benn in Flyers zone.
8:04 of 2nd period - Shot by Tyler Seguin.
8:04 of 2nd period - Shot Misses the Net.
8:06 of 2nd period - Shot by Brett Pesce.
8:06 of 2nd period - Shot Misses the Net.
8:23 of 2nd period - Minor Penalty to Jamie Benn for Holding.
8:24 of 2nd period - Connor McDavid wins face-off versus Jake Evans in Maple Leafs zone.
8:35 of 2nd period - Shot by Connor McDavid.
8:35 of 2nd period - Stopped by Juuse Saros without a rebound.
8:36 of 2nd period - Jake Evans wins face-off versus Tom Wilson in Maple Leafs zone.
8:36 of 2nd period - Jake Evans is hit by Tom Wilson.
8:43 of 2nd period - Icing by Brad Marchand.
8:44 of 2nd period - Jake Evans wins face-off versus Connor McDavid in Flyers zone.
9:13 of 2nd period - Shot by Ivan Provorov.
9:13 of 2nd period - Stopped by Juuse Saros without a rebound.
9:14 of 2nd period - Patrik Laine wins face-off versus Tyler Seguin in Maple Leafs zone.
9:14 of 2nd period - Patrik Laine is hit by Tyler Seguin.
9:38 of 2nd period - Shot by Brett Pesce.
9:38 of 2nd period - Shot Misses the Net.
9:46 of 2nd period - Shot by Brett Pesce.
9:46 of 2nd period - Shot Misses the Net.
9:50 of 2nd period - Shot by Tyler Seguin.
9:50 of 2nd period - Shot Misses the Net.
9:52 of 2nd period - Shot by Bryan Rust.
9:52 of 2nd period - Shot Misses the Net.
10:33 of 2nd period - Shot by Phillip Danault.
10:33 of 2nd period - Shot Misses the Net.
10:42 of 2nd period - David Pastrnak is hit by Marcus Pettersson and loses puck.
10:51 of 2nd period - Shot by Kevin Fiala.
10:51 of 2nd period - Shot Blocked by Alexander Radulov.
10:53 of 2nd period - Shot by Phillip Danault.
10:53 of 2nd period - Stopped by Juuse Saros without a rebound.
10:54 of 2nd period - Pius Suter wins face-off versus Connor McDavid in Maple Leafs zone.
11:00 of 2nd period - Dougie Hamilton is hit by Ivan Provorov and loses puck.
11:13 of 2nd period - Shot by Brad Marchand.
11:13 of 2nd period - Stopped by Juuse Saros with a rebound.
11:24 of 2nd period - Connor McDavid is hit by Dougie Hamilton and loses puck.
12:14 of 2nd period - Icing by Slater Koekkoek.
12:15 of 2nd period - Jake Evans wins face-off versus Anders Lee in Maple Leafs zone.
12:33 of 2nd period - Minor Penalty to Oscar Klefbom for Roughing.
12:34 of 2nd period - Taylor Hall wins face-off versus Phillip Danault in Flyers zone.
13:38 of 2nd period - Off-side.
13:39 of 2nd period - Phillip Danault wins face-off versus Jake Evans in neutral zone.
14:20 of 2nd period - Shot by Jaccob Slavin.
14:20 of 2nd period - Stopped by Sergei Bobrovsky without a rebound.
14:21 of 2nd period - Jamie Benn wins face-off versus Barclay Goodrow in Flyers zone.
14:53 of 2nd period - Icing by Phillip Danault.
14:54 of 2nd period - Jamie Benn wins face-off versus Phillip Danault in Flyers zone.
15:10 of 2nd period - Shot by Taylor Hall.
15:10 of 2nd period - Stopped by Sergei Bobrovsky without a rebound.
15:11 of 2nd period - Pius Suter wins face-off versus Tyler Seguin in Flyers zone.
15:14 of 2nd period - Shot by Pius Suter.
15:14 of 2nd period - Shot Misses the Net.
15:34 of 2nd period - Shot by Tyler Seguin.
15:34 of 2nd period - Stopped by Juuse Saros with a rebound.
15:36 of 2nd period - Shot by Alex Killorn.
15:36 of 2nd period - Stopped by Juuse Saros without a rebound.
15:37 of 2nd period - Jamie Benn wins face-off versus Barclay Goodrow in Maple Leafs zone.
15:37 of 2nd period - Jamie Benn is hit by Bryan Rust.
15:59 of 2nd period - Shot by Taylor Hall.
15:59 of 2nd period - Goal by Taylor Hall - Flyers : 4 - Maple Leafs : 1.
16:00 of 2nd period - Eric Staal wins face-off versus Tyler Seguin in neutral zone.
16:03 of 2nd period - Shot by Jakub Vrana.
16:03 of 2nd period - Shot Blocked by Oscar Klefbom.
16:16 of 2nd period - Icing by Dougie Hamilton.
16:17 of 2nd period - Eric Staal wins face-off versus Connor McDavid in Maple Leafs zone.
16:17 of 2nd period - Eric Staal is hit by Tom Wilson.
16:24 of 2nd period - Minor Penalty to Alexander Radulov for Hooking.
16:25 of 2nd period - Jamie Benn wins face-off versus Connor McDavid in Maple Leafs zone.
17:01 of 2nd period - Shot by Connor McDavid.
17:01 of 2nd period - Shot Misses the Net.
17:09 of 2nd period - Shot by Ivan Provorov.
17:09 of 2nd period - Stopped by Juuse Saros with a rebound.
17:52 of 2nd period - Shot by Jaccob Slavin.
17:52 of 2nd period - Stopped by Sergei Bobrovsky without a rebound.
17:53 of 2nd period - Jake Evans wins face-off versus Connor McDavid in Flyers zone.
17:56 of 2nd period - Shot by Patrik Laine.
17:56 of 2nd period - Deflect By Jake Evans.
17:56 of 2nd period - Shot Misses the Net.
18:10 of 2nd period - Shot by Ivan Provorov.
18:10 of 2nd period - Shot Misses the Net.
18:12 of 2nd period - Shot by Connor McDavid.
18:12 of 2nd period - Shot Misses the Net.
19:00 of 2nd period - Shot by Eric Staal.
19:00 of 2nd period - Shot Misses the Net.
19:02 of 2nd period - Shot by Marcus Pettersson.
19:02 of 2nd period - Shot Blocked by Radim Simek.
19:09 of 2nd period - Icing by Radim Simek.
19:10 of 2nd period - Phillip Danault wins face-off versus Pius Suter in Flyers zone.
19:32 of 2nd period - Icing by Nikita Zadorov.
19:33 of 2nd period - Pius Suter wins face-off versus Barclay Goodrow in Maple Leafs zone.
19:52 of 2nd period - Shot by Antoine Roussel.
19:52 of 2nd period - Stopped by Sergei Bobrovsky without a rebound.
19:53 of 2nd period - Jamie Benn wins face-off versus Connor McDavid in Flyers zone.
Goals for this period are 1 for Flyers vs 1 for Maple Leafs.
Shots for this period are 11 for Flyers vs 8 for Maple Leafs.

3rd period


0:01 of 3rd period - Jamie Benn wins face-off versus Connor McDavid in neutral zone.
0:17 of 3rd period - Taylor Hall is hit by Ivan Provorov and loses puck.
0:32 of 3rd period - Shot by Dougie Hamilton.
0:32 of 3rd period - Shot Blocked by Ivan Provorov.
0:37 of 3rd period - Icing by Ivan Provorov.
0:38 of 3rd period - Jake Evans wins face-off versus Connor McDavid in Flyers zone.
0:38 of 3rd period - Minor Penalty to Ivan Provorov for Interference.
0:39 of 3rd period - Barclay Goodrow wins face-off versus Jakub Vrana in Flyers zone.
0:39 of 3rd period - Barclay Goodrow is hit by Jake Evans.
1:49 of 3rd period - Shot by Jamie Benn.
1:49 of 3rd period - Stopped by Sergei Bobrovsky without a rebound.
1:50 of 3rd period - Barclay Goodrow wins face-off versus Jamie Benn in Flyers zone.
2:03 of 3rd period - Shot by Taylor Hall.
2:03 of 3rd period - Stopped by Sergei Bobrovsky without a rebound.
2:04 of 3rd period - Phillip Danault wins face-off versus Jamie Benn in Flyers zone.
2:15 of 3rd period - Shot by Dougie Hamilton.
2:15 of 3rd period - Goal by Dougie Hamilton - Flyers : 4 - Maple Leafs : 2.
2:16 of 3rd period - Pius Suter wins face-off versus Tyler Seguin in neutral zone.
2:28 of 3rd period - Minor Penalty to Logan O'Connor for Boarding.
2:29 of 3rd period - Jamie Benn wins face-off versus Phillip Danault in Flyers zone.
3:49 of 3rd period - Shot by Jakub Vrana.
3:49 of 3rd period - Stopped by Sergei Bobrovsky without a rebound.
3:50 of 3rd period - Jake Evans wins face-off versus Barclay Goodrow in Flyers zone.
3:51 of 3rd period - Shot by Jakub Vrana.
3:51 of 3rd period - Stopped by Sergei Bobrovsky without a rebound.
3:52 of 3rd period - Barclay Goodrow wins face-off versus Jake Evans in Flyers zone.
4:39 of 3rd period - Shot by Michael Grabner.
4:39 of 3rd period - Stopped by Sergei Bobrovsky with a rebound.
4:41 of 3rd period - Shot by Michael Grabner.
4:41 of 3rd period - Shot Blocked by Hampus Lindholm.
4:43 of 3rd period - Shot by Antoine Roussel.
4:43 of 3rd period - Stopped by Sergei Bobrovsky without a rebound.
4:44 of 3rd period - Jamie Benn wins face-off versus Phillip Danault in Flyers zone.
5:23 of 3rd period - Phillip Danault is hit by Jamie Benn.
6:03 of 3rd period - Shot by Brendan Gallagher.
6:03 of 3rd period - Stopped by Sergei Bobrovsky without a rebound.
6:04 of 3rd period - Eric Staal wins face-off versus Barclay Goodrow in Flyers zone.
6:15 of 3rd period - Shot by Bryan Rust.
6:15 of 3rd period - Stopped by Juuse Saros without a rebound.
6:16 of 3rd period - Jake Evans wins face-off versus Tyler Seguin in Maple Leafs zone.
6:22 of 3rd period - Tyler Seguin is hit by Nikita Zadorov.
6:59 of 3rd period - Rudolfs Balcers is hit by Devon Toews and loses puck.
7:27 of 3rd period - Shot by Alexander Radulov.
7:27 of 3rd period - Shot Blocked by Radim Simek.
7:47 of 3rd period - Jaccob Slavin is hit by Barclay Goodrow and loses puck.
7:56 of 3rd period - Shot by Alexander Radulov.
7:56 of 3rd period - Shot Misses the Net.
8:02 of 3rd period - Shot by Jakub Vrana.
8:02 of 3rd period - Shot Misses the Net.
8:32 of 3rd period - Shot by Taylor Hall.
8:32 of 3rd period - Stopped by Sergei Bobrovsky with a rebound.
8:34 of 3rd period - Shot by Patrik Laine.
8:34 of 3rd period - Goal by Patrik Laine - Flyers : 4 - Maple Leafs : 3.
8:35 of 3rd period - Pius Suter wins face-off versus Phillip Danault in neutral zone.
8:39 of 3rd period - Antoine Roussel is hit by Oscar Klefbom and loses puck.
8:45 of 3rd period - Oscar Klefbom is hit by Greg Pateryn and loses puck.
8:54 of 3rd period - Shot by Kevin Fiala.
8:54 of 3rd period - Shot Misses the Net.
9:03 of 3rd period - Michael Grabner is hit by Phillip Danault.
9:30 of 3rd period - Connor McDavid is hit by Nikita Zadorov and loses puck.
10:38 of 3rd period - Shot by Alexander Radulov.
10:38 of 3rd period - Stopped by Sergei Bobrovsky without a rebound.
10:39 of 3rd period - Jake Evans wins face-off versus Barclay Goodrow in Flyers zone.
10:39 of 3rd period - Brendan Gallagher is hit by Ivan Provorov and loses puck.
10:57 of 3rd period - Jaccob Slavin is hit by Barclay Goodrow and loses puck.
11:02 of 3rd period - Jaccob Slavin is hit by Anders Lee and loses puck.
11:06 of 3rd period - Minor Penalty to Barclay Goodrow for Slashing.
11:07 of 3rd period - Jake Evans wins face-off versus Phillip Danault in Flyers zone.
12:04 of 3rd period - Shot by Brendan Gallagher.
12:04 of 3rd period - Stopped by Sergei Bobrovsky without a rebound.
12:05 of 3rd period - Brad Marchand wins face-off versus Jamie Benn in Flyers zone.
12:19 of 3rd period - Icing by Jamie Benn.
12:20 of 3rd period - Phillip Danault wins face-off versus Jamie Benn in Maple Leafs zone.
13:33 of 3rd period - Icing by Radim Simek.
13:34 of 3rd period - Eric Staal wins face-off versus Barclay Goodrow in Flyers zone.
13:38 of 3rd period - Jakub Vrana is hit by Radim Simek and loses puck.
13:45 of 3rd period - Shot by Eric Staal.
13:45 of 3rd period - Stopped by Sergei Bobrovsky with a rebound.
14:40 of 3rd period - Icing by Jake Evans.
14:41 of 3rd period - Tyler Seguin wins face-off versus Jake Evans in Maple Leafs zone.
14:49 of 3rd period - Logan O'Connor is hit by Dougie Hamilton and loses puck.
14:53 of 3rd period - Icing by Jaccob Slavin.
14:54 of 3rd period - Jake Evans wins face-off versus Connor McDavid in Maple Leafs zone.
14:58 of 3rd period - Icing by Jaccob Slavin.
14:59 of 3rd period - Jake Evans wins face-off versus Connor McDavid in Maple Leafs zone.
15:15 of 3rd period - Brendan Gallagher is hit by Brett Pesce and loses puck.
15:37 of 3rd period - Shot by Connor McDavid.
15:37 of 3rd period - Stopped by Juuse Saros with a rebound.
15:39 of 3rd period - Shot by Brad Marchand.
15:39 of 3rd period - Stopped by Juuse Saros without a rebound.
15:40 of 3rd period - Jamie Benn wins face-off versus Logan O'Connor in Maple Leafs zone.
15:57 of 3rd period - Shot by Jamie Benn.
15:57 of 3rd period - Stopped by Sergei Bobrovsky without a rebound.
15:58 of 3rd period - David Pastrnak wins face-off versus Alexander Radulov in Flyers zone.
15:58 of 3rd period - David Pastrnak is hit by Jakub Vrana.
16:17 of 3rd period - Kevin Fiala is hit by Alexander Radulov and loses puck.
17:20 of 3rd period - Shot by Jamie Benn.
17:20 of 3rd period - Stopped by Sergei Bobrovsky without a rebound.
17:21 of 3rd period - Jake Evans wins face-off versus Connor McDavid in Flyers zone.
17:21 of 3rd period - Brendan Gallagher is hit by Ivan Provorov and loses puck.
17:44 of 3rd period - Brendan Gallagher is hit by Brad Marchand and loses puck.
18:02 of 3rd period - Minor Penalty to Tom Wilson for Elbowing.
18:03 of 3rd period - Jake Evans wins face-off versus Barclay Goodrow in Flyers zone.
18:06 of 3rd period - Shot by Jaccob Slavin.
18:06 of 3rd period - Deflect By Alexander Radulov.
18:06 of 3rd period - Shot Blocked by Brett Pesce.
19:04 of 3rd period - Maple Leafs, Juuse Saros is pulled from the net.
19:58 of 3rd period - Shot by Jakub Vrana.
19:58 of 3rd period - Stopped by Sergei Bobrovsky without a rebound.
19:59 of 3rd period - Barclay Goodrow wins face-off versus Jamie Benn in Flyers zone.
Goals for this period are 0 for Flyers vs 2 for Maple Leafs.
Shots for this period are 3 for Flyers vs 16 for Maple Leafs.